 Dungeon Crawl Stone Soup version 0.30.0-19-g36f170ea60 (webtiles) character file.

Game seed: 2119341570903995851

26 croobank the Firebug (level 2, 0/20 HPs)
             Began as a Demigod Fire Elementalist on May 26, 2023.
             Frozen to death by an endoplasm (3 damage)
             ... on level 1 of the Dungeon.
             The game lasted 00:04:07 (701 turns).

croobank the Firebug (Demigod Fire Elementalist)     Turns: 701, Time: 00:04:07

Health: 0/20       AC:  2    Str:  9    XL:     2   Next: 69%
Magic:  1/7        EV: 12    Int: 17    God:
Gold:   59         SH:  0    Dex: 14    Spells: 2/5 levels left

rFire   . . .        a - +1 dagger (venom)
rCold   . . .        (no shield)
rNeg    . . .        f - +0 robe
rPois   .            (no helmet)
rElec   .            (no cloak)
rCorr   .            (no gloves)
SInv    .            (no boots)
Will    .....        (no amulet)
Stlth   ++           (no ring)
HPRegen 0.23/turn    (no ring)
MPRegen 0.10/turn

%: no passive effects
@: no status effects
A: high MP 1, forlorn, divine attributes
a: no special abilities


You were on level 1 of the Dungeon.
You visited 1 branch of the dungeon, and saw 1 of its levels.

You collected 59 gold pieces.

Inventory:

Hand Weapons
 a - a +1 dagger of venom (weapon)
 g - a +0 short sword
Armour
 f - a +0 robe (worn)
Scrolls
 c - a scroll of torment {unknown}
 d - a scroll of teleportation {unknown}
 e - 3 scrolls of identify {unknown}
 h - a scroll of vulnerability {unknown}
 i - a scroll of acquirement {unknown}
Potions
 b - a potion of magic


   Skills:
 + Level 2.1 Dodging
 + Level 2.1 Stealth
 + Level 2.0 Spellcasting
 + Level 1.3 Conjurations
 + Level 2.9 Fire Magic


You had 2 spell levels left.
You knew the following spells:

 Your Spells              Type           Power      Damage    Failure   Level
a - Foxfire               Conj/Fire      36%        2x1d5     9%          1
b - Scorch                Fire           22%        2d5       9%          2

Your spell library contained the following spells:

 Spells                   Type           Power      Damage    Failure   Level
 Inner Flame              Hex/Fire       6%         N/A       30%         3
 Volatile Blastmotes      Fire/Tloc      12%        2d11      30%         3
 Flame Wave               Conj/Fire      9%         2d6       63%         4


Dungeon Overview and Level Annotations

Branches:
Dungeon (1/15)

Shops:
D:1 *


Innate Abilities, Weirdness & Mutations

You have an increased reservoir of magic. (+10% MP)
You shall have no god before yourself.
Your divine heritage dramatically boosts your attributes as you level up.


Message History

Confirm with . or Enter, or press ? or * to list all spells.
You conjure some foxfire!
The foxfire hits the giant cockroach.
The giant cockroach is heavily wounded.
The dart slug barely misses you. The endoplasm freezes you.
You are frozen.
You hit the dart slug.
The dart slug is poisoned.
The dart slug is heavily wounded.
The endoplasm barely misses you.
You hit the dart slug but do no damage.
The dart slug looks as sick as possible!
The dart slug is almost dead.
You kill the dart slug!
The giant cockroach bites you but does no damage.
The endoplasm hits you but does no damage.
The giant cockroach barely misses you.
Casting: Foxfire (safe; 9% risk of failure)
Confirm with . or Enter, or press ? or * to list all spells.
Flames lash the giant cockroach.
You kill the giant cockroach!
The endoplasm freezes you.
You are frozen.
Casting: Scorch (safe; 9% risk of failure)
Confirm with . or Enter, or press ? or * to list all spells.
Flames lash the endoplasm.
The endoplasm is moderately wounded.
The endoplasm's fire resistance burns away.
The endoplasm freezes you.
You are frozen.
* * * LOW HITPOINT WARNING * * *
The endoplasm attacks as you move away! The endoplasm barely misses you.
The foxfire hits the endoplasm.
The endoplasm is heavily wounded.
Casting: Scorch (safe; 9% risk of failure)
Confirm with . or Enter, or press ? or * to list all spells.
You conjure some foxfire!
The endoplasm is no longer more vulnerable to fire.
The endoplasm freezes you.
You are frozen.
You die...

#.......##..........##.#
....#.......##'####.#..)##.#
....#.......#....##.#..###.#
....#.......'....##........#
.>..####'##.#....####..#####
....# #.##.#....# #..#####
....# #....#....# #...?...
....####.####..v.# #......
..).⌠.⌠..# #..v@####....
.....∩.### #....J.##..#
....⌠.⌠# #....#.#...#
......## #....†$....#
'#...## ..!..###.###.#
.#...# ..... [?.! #.########
.#...#
......##.#.##........#
.#...# ...... ..
..#.######.# .#...#
.....#######.# #.#


You could see an endoplasm (ally target).

Vanquished Creatures
  2 dart slugs (D:1)
  2 ball pythons (D:1)
  An endoplasm (D:1)
  2 giant cockroaches (D:1)
  4 goblins (D:1)
  A hobgoblin (D:1)
  A quokka (D:1)
  2 bats (D:1)
  A frilled lizard (D:1)
  3 kobolds (D:1)
  A rat (D:1)
20 creatures vanquished.

Vanquished Creatures (others)
  38 foxfires (D:1)
38 creatures vanquished.

Grand Total: 58 creatures vanquished

Notes
Turn   | Place    | Note
-------+----------+-------------------------------------------
     0 | D:1      | croobank the Demigod Fire Elementalist began the quest for
                  | the Orb.
     0 | D:1      | Reached XP level 1. HP: 14/14 MP: 5/5
   177 | D:1      | Reached skill level 1 in Conjurations
   218 | D:1      | Found Kentasyc's General Store.
   304 | D:1      | Reached XP level 2. HP: 12/20 MP: 2/7
   390 | D:1      | Learned a level 2 spell: Scorch
   701 | D:1      | Frozen to death by an endoplasm

Illustrated notes

Levels and vault maps discovered:
D:1:      lemuel_arrival_room, layout_basic, serial_shops, shop_fountains,
          minmay_split_cup_large

Skill      XL: |  1  2 |
---------------+-------+-----
Conjurations   | 1 |  1.3
Stealth        | 2 |  2.1
Dodging        | 2 |  2.1
Spellcasting   | 2 |  2.0
Fire Magic     | |  2.9

Action                     || total
---------------------------++-------
  Melee: Dagger            ||    23
   Cast: Foxfire           ||    22
         Scorch            ||     2
 Armour: Robe              ||     8
  Dodge: Dodged            ||    25
